 Dungeon Crawl Stone Soup version 0.17-a0-1582-ge6b0260 (webtiles) character file.

98 patman the Cudgeler (level 4, -2/28 HPs)
             Began as a Gargoyle Berserker on July 27, 2015.
             Was a Believer of Trog.
             Killed from afar by an orc wizard (8 damage)
             ... with a magic dart
             ... on level 3 of the Dungeon.
             The game lasted 00:01:40 (771 turns).

patman the Cudgeler (Gargoyle Berserker)             Turns: 771, Time: 00:01:41

Health: -2/28      AC:  5    Str: 20    XL:     4   Next: 69%
Magic:  4/4        EV: 12    Int:  8    God:    Trog [**....]
Gold:   35         SH:  0    Dex: 10    Spells: 0 memorised, 3 levels left

rFire  + . .     SeeInvis .     a - +0 mace
rCold  . . .     Clarity  .     b - +0 animal skin
rNeg   + . .     SustAt   .     (no shield)
rPois  ∞         Gourm    .     (no helmet)
rElec  +         Spirit   .     (no cloak)
rCorr  .         Warding  .     (no gloves)
rMut   .         Rnd*Tele +     (no boots)
MR     .....                    (no amulet)
Stlth  +.........               n - ring of teleportation (curse)
                                h - ring of protection from fire

@: exhausted, not resistant to hostile enchantments, very unstealthy
A: negative energy resistance 1, electricity resistance, unbreathing,
petrification resistance, rot immunity, AC +3
a: Burn Spellbooks, Berserk, Trog's Hand, Renounce Religion, Evoke Teleportation


You were on level 3 of the Dungeon.
You worshipped Trog.
Trog was pleased with you.
You were hungry.

You visited 1 branch of the dungeon, and saw 3 of its levels.

You collected 35 gold pieces.

Inventory:

Hand weapons
 a - a +0 mace (weapon)
Missiles
 k - 2 curare-tipped needles
Armour
 b - a +0 animal skin (worn)
Jewellery
 h - a ring of protection from fire (left hand)
 n - a cursed ring of teleportation (right hand)
Scrolls
 d - a scroll of fear {unknown}
 e - a scroll of identify {unknown}
 i - a scroll of amnesia {unknown}
 o - a scroll of random uselessness {unknown}
Potions
 f - a potion of mutation {unknown}
 g - a potion of agility {unknown}
 l - a potion of curing {unknown}
Comestibles
 c - 2 bread rations
 j - a beef jerky
 m - a slice of pizza
 p - 2 chunks of flesh


   Skills:
 - Level 3.2 Fighting
 + Level 5.3 Maces & Flails
 - Level 2.1 Armour
 - Level 1.5 Dodging


You had 3 spell levels left.
You didn't know any spells.

Dungeon Overview and Level Annotations

Branches:
Dungeon (3/15)

Altars:


Innate Abilities, Weirdness & Mutations

You are resistant to torment.
Your stone body is resilient (AC +3).
You are immune to poison.
You resist negative energy.
You are resistant to electric shocks.
You can survive without breathing.
You are immune to petrification.
You are immune to rotting.


Message History

The orc wizard is heavily wounded.
You feel yourself speed up.
The orc wizard mumbles some strange words.
The orc wizard blinks!
The orc wizard mumbles some strange words.
The orc wizard blinks!
The orc wizard gestures at you while chanting.
The magic dart hits you! The orc wizard hits you with a dagger.
* * * LOW HITPOINT WARNING * * *
Unknown command.
You hit the orc wizard but do no damage.
The orc wizard is heavily wounded.
The orc wizard hits you but does no damage.
The orc wizard barely misses you.
You closely miss the orc wizard.
The orc wizard is heavily wounded.
The orc wizard points at you and mumbles some strange words.
The magic dart hits you!
You die...

###........#####
.............)..
...........#
........#'##
#######.#.# #.#.# #
#.#.# #.#.####.#.#
+....@.).#.#
#.##o#####.#### ...
#....# ....##.###
####.# ....+.. #.#
#...#.. #####.#
#...#.# # #.....#
#...#.#.# #.#####
#...#.#.######.#####


You could see an orc wizard.

Vanquished Creatures
  An orc wizard (D:3)
  4 adders
  2 oozes (D:3)
  An orc (D:3)
  A ball python (D:2)
  5 bats
  A giant cockroach (D:3)
  A hobgoblin (D:2)
  3 jackals (D:2)
  A quokka (D:2)
  A giant newt (D:2)
  A goblin (D:2)
  A kobold (D:2)
  5 rats
28 creatures vanquished.

Notes
Turn   | Place    | Note
--------------------------------------------------------------
     0 | D:1      | patman the Gargoyle Berserker began the quest for the Orb.
     0 | D:1      | Reached XP level 1. HP: 14/14 MP: 1/1
   152 | D:2      | Reached XP level 2. HP: 17/19 MP: 2/2
   237 | D:2      | Reached skill level 4 in Maces & Flails
   308 | D:2      | Reached XP level 3. HP: 16/23 MP: 3/3
   679 | D:3      | Acquired Trog's second power
   679 | D:3      | Reached XP level 4. HP: 28/28 MP: 4/4
   743 | D:3      | Reached skill level 5 in Maces & Flails
   771 | D:3      | Killed from afar by an orc wizard

Vault maps used:
D:1:      dpeg_arrival_ratfight
D:2:      forest_paths, grunt_gozag_statues, first_bread, minmay_newt_pond,
          uniq_terence
D:3:      lemuel_coloured_pillars_altar, grunt_temple_overflow_open,
          grunt_decor_mini_mirrors

Action                   |  1- 3 |  4- 6 || total
-------------------------+-------+-------++-------
Melee: Mace              |    73 |    26 ||    99
Invok: Berserk           |     2 |     1 ||     3
 Stab: Sleeping          |     1 |       ||     1
  Eat: Chunk             |     1 |     1 ||     2
